 Dungeon Crawl Stone Soup version 0.30-a0-643-g638baaf3f0 (webtiles) character file.

Game seed: 7077486956442933870

2 Absynth the Chopper (level 1, -3/20 HPs)
             Began as a Minotaur Berserker on Jan 16, 2023.
             Was a Follower of Trog.
             Slain by a gnoll
             ... wielding a +0 flail
              (11 damage)
             ... on level 1 of the Dungeon.
             The game lasted 00:00:39 (65 turns).

Absynth the Chopper (Minotaur Berserker)              Turns: 65, Time: 00:00:40

Health: -3/20      AC:  2    Str: 21    XL:     1   Next: 33%
Magic:  0/0        EV: 12    Int:  4    God:    Trog [*.....]
Gold:   0          SH:  0    Dex:  9    Spells: 0/0 levels left

rFire   . . .      SeeInvis .    a - +0 hand axe
rCold   . . .      Faith    .    (no shield)
rNeg    . . .      Spirit   .    b - +0 animal skin
rPois   .          Reflect  .    (helmet restricted)
rElec   .          Harm     .    (no cloak)
rCorr   .          Rampage  .    (no gloves)
Will    .....                    (no boots)
Stlth   +                        (no amulet)
HPRegen 0.23/turn                (no ring)
MPRegen 0.07/turn                (no ring)

@: no status effects
A: horns 2, retaliatory headbutt
a: Renounce Religion, Berserk


You were on level 1 of the Dungeon.
You worshipped Trog.
Trog was aware of your devotion.
You visited 1 branch of the dungeon, and saw 1 of its levels.

Inventory:

Hand Weapons
 a - a +0 hand axe (weapon)
Armour
 b - a +0 animal skin (worn)
Scrolls
 c - a scroll of fear {unknown}
 d - 2 scrolls of enchant armour {unknown}


   Skills:
 + Level 3.6 Fighting
 + Level 3.6 Axes
 + Level 2.5 Armour
 + Level 2.2 Dodging


You couldn't memorise any spells.
You didn't know any spells.
Your spell library was empty.

Dungeon Overview and Level Annotations

Branches:
Dungeon (1/15)

Altars:

Shops:
D:1 ?


Innate Abilities, Weirdness & Mutations

You have a pair of horns on your head.
You reflexively headbutt those who attack you in melee.


Message History

Trog accepts your kill.
No target in view!
No target in view!
No target in view!
You see here a rat corpse.
d - 2 scrolls labelled ARIOLLESIB
Found Luxash's Magic Scroll Shop.
There is an entrance to Luxash's Magic Scroll Shop here.
Found a stone.
An endoplasm comes into view.
A dart slug comes into view.
The endoplasm quivers.
A gnoll comes into view. It is wielding a +0 flail.
The gnoll shouts!
You see here a stone.
You hit the endoplasm.
The endoplasm is moderately wounded.
The endoplasm freezes you.
You are frozen.
You hit the endoplasm.
The endoplasm is heavily wounded.
The endoplasm closely misses you. You furiously retaliate!
You headbutt the endoplasm!
You kill the endoplasm!
Trog accepts your kill.
Found a stone staircase leading down.
The dart slug barely misses you. The gnoll misses you.
You hit the gnoll.
The gnoll is heavily wounded.
You hit the dart slug. The gnoll hits you with a +0 flail!
The dart slug barely misses you.
You are too injured to fight recklessly!
You are too injured to fight recklessly!
You see here a stone.
The gnoll attacks as you move away! The gnoll barely misses you.
You furiously retaliate!
You headbutt the gnoll. The gnoll attacks as you move away!
The gnoll misses you. The gnoll attacks as you move away!
The gnoll hits you with a +0 flail!
Ouch! That really hurt!
You die...

#.### #.# #.#
#.# #†# #.#
#.#
#.########
#...∩..@.#
########g#
#####.#
#....w#
#.#...#
#...(#
#.#...#######
#.##.........
#......######


You could see a gnoll and a dart slug.

Vanquished Creatures
  An endoplasm (D:1)
  A ball python (D:1)
  A rat (D:1)
3 creatures vanquished.

Notes
Turn   | Place    | Note
-------+----------+-------------------------------------------
     0 | D:1      | Absynth the Minotaur Berserker began the quest for the Orb.
     0 | D:1      | Reached XP level 1. HP: 19/19 MP: 0/0
    40 | D:1      | Found Luxash's Magic Scroll Shop.
    65 | D:1      | Slain by a gnoll

Illustrated notes

Levels and vault maps discovered:
D:1:      tarquinn_simple_flora_water_f, layout_loops_ring, serial_shops,
          nicolae_shop_trees, nicolae_shop_waterfront, nicolae_lakefront_shop,
          shop

Action                   || total
-------------------------++-------
Melee: Hand axe          ||     4
 Stab: Sleeping          ||     1
Dodge: Dodged            ||     7

Table legend: (Time is in decaauts)
 A = Elapsed time spent in this place.
 B = Non-inter-level travel time spent in this place.
 C = Inter-level travel time spent in this place.
 D = Time resting spent in this place.
 E = Time spent auto-exploring this place.
 F = Levels seen in this place.
 G = Mean time per level.
                   A        B        C        D        E       F      G
               +--------+--------+--------+--------+--------+-----+--------+
         Total |     65 |     65 |      0 |      0 |     35 |   1 |   65.0 |
       Dungeon |     65 |     65 |      0 |      0 |     35 |   1 |   65.0 |
               +--------+--------+--------+--------+--------+-----+--------+

Top non-repeatable levels by time:
     D:1: 65 daAuts
